 Dungeon Crawl Stone Soup version 0.28-a0-706-gf6f64a616a (webtiles) character file.

Game seed: 3987276912823724312

27228 ytrimaz the Bludgeoner (level 13, -13/107 HPs)
             Began as a Formicid Fighter on Oct 24, 2021.
             Was an Elder of Okawaru.
             Shot with an arrow by a centaur warrior (18 damage)
             ... on level 15 of the Dungeon.
             The game lasted 00:22:09 (17584 turns).

ytrimaz the Bludgeoner (Formicid Fighter)          Turns: 17584, Time: 00:22:09

Health: -13/107    AC: 17    Str: 35    XL:     13   Next: 64%
Magic:  11/18      EV:  8    Int:  8    God:    Okawaru [****..]
Gold:   708        SH:  5    Dex: 19    Spells: 12/12 levels left

rFire   + . .      SeeInvis +   o - +9 morningstar of Uncomfortable Rashes {vorpal, Drain Str+3 Dex+3}
rCold   + . .      Faith    .   c - +0 buckler
rNeg    . . .      Spirit   .   z - +0 plate armour
rPois   +          Reflect  .   (helmet unavailable)
rElec   +          Harm     .   (no cloak)
rCorr   +          Rampage  .   a - +1 pair of gloves
Will    +....                   (no boots)
Stlth   ..........              (no amulet)
HPRegen 0.27/turn               e - +6 ring of strength
MPRegen 0.16/turn               k - +6 ring of dexterity

@: resistant (expiring)
A: permanent stasis, dig shafts and tunnels, antennae 3, four strong arms
a: Dig, Shaft Self, Renounce Religion, Heroism, Finesse


You were on level 15 of the Dungeon.
You worshipped Okawaru.
Okawaru was greatly pleased with you.
You visited 3 branches of the dungeon, and saw 16 of its levels.
You also visited: Ice Cave.

You collected 942 gold pieces.
You spent 234 gold pieces at shops.

Inventory:

Hand Weapons
 f - a +2 dire flail of freezing
 o - the +9 morningstar of Uncomfortable Rashes (weapon) {vorpal, Drain Str+3 Dex+3}
   (You bought it in a shop on level 1 of the Dungeon)

   It inflicts extra damage upon your enemies.
   Str:       It affects your strength (+3).
   Dex:       It affects your dexterity (+3).
   Drain:     It drains your maximum health when unequipped.
 C - the +5 morningstar "Suzi" {venom, *Noise rElec Stlth+}
   (You found it on level 7 of the Dungeon)

   It poisons the flesh of those it strikes.
   rElec:     It insulates you from electricity.
   *Noise:    It may make noises in combat.
   Stlth:     It makes you more stealthy.
Armour
 a - a +1 pair of gloves (worn)
 c - a +0 buckler (worn)
 z - a +0 plate armour (worn)
Jewellery
 d - an amulet of faith
 e - a +6 ring of strength (left hand)
 k - a +6 ring of dexterity (right hand)
 n - a ring of resist corrosion
 x - a ring of magical power
Wands
 r - a wand of acid (7)
 s - a wand of iceblast (9)
 u - a wand of polymorph (5)
 v - a wand of flame (59)
 w - a wand of paralysis (16)
 D - a wand of digging (6)
Scrolls
 g - 2 scrolls of identify
 h - a scroll of brand weapon
 m - 4 scrolls of fog
 p - a scroll of magic mapping
 B - 2 scrolls of noise
Potions
 b - a potion of mutation
 i - a potion of brilliance
 l - 3 potions of attraction
 q - a potion of flight
 t - a potion of resistance
 A - a potion of lignification


   Skills:
 * Level 11.8 Fighting
 - Level 4.3(11.2) Axes
 * Level 15.9(16.1) Maces & Flails
 + Level 10.3 Armour
 - Level 3.6 Shields
 * Level 7.3 Invocations


You had 12 spell levels left.
You didn't know any spells.
Your spell library contained the following spells:

 Spells                   Type           Power      Damage    Failure   Level
 Magic Dart               Conj           0%         1d3       93%         1
 Sting                    Tmut/Pois      0%         1d3       93%         1
 Passwall                 Tmut/Erth      0%         N/A       98%         2
 Poisonous Vapours        Pois/Air       0%         N/A       98%         2
 Scorch                   Fire           0%         2d5       98%         2
 Searing Ray              Conj           0%         2d4       98%         2
 Slow                     Hex            0%         N/A       98%         2
 Confusing Touch          Hex            0%         N/A       100%        3
 Frozen Ramparts          Ice            0%         1d2       100%        3
 Ozocubu's Armour         Ice            0%         N/A       100%        3
 Portal Projectile        Hex/Tloc       0%         N/A       100%        3
 Flame Wave               Conj/Fire      0%         3d3       100%        4
 Fulminant Prism          Conj/Hex       0%         3d6       100%        4
 Ice Form                 Ice/Tmut       0%         N/A       100%        4
 Leda's Liquefaction      Hex/Erth       0%         N/A       100%        4
 Olgreb's Toxic Radiance  Pois           0%         N/A       100%        4
 Yara's Violent Unravell  Hex/Tmut       0%         3d3       100%        5
 Invisibility             Hex            0%         N/A       100%        6
 Ozocubu's Refrigeration  Ice            0%         4d5       100%        7
 Call Canine Familiar     Summ           Unusable   N/A       N/A         3
 Swiftness                Air            Unusable   N/A       N/A         3
 Summon Ice Beast         Ice/Summ       Unusable   N/A       N/A         4
 Summon Cactus Giant      Summ           Unusable   N/A       N/A         6

Dungeon Overview and Level Annotations

Branches:
Dungeon (15/15)            Temple (1/1) D:7            Lair (1/6) D:8
    Orc (0/2) D:12         Depths (0/4) D:15          IceCv (visited)
 Vaults: D:13-14

Altars:
Ashenzari
Cheibriados
Dithmenos
Elyvilon
Fedhas
Gozag
Hepliaklqana
Kikubaaqudgha
Makhleb
Nemelex Xobeh
Okawaru
Qazlal
Ru
Sif Muna
Trog
Uskayaw
Vehumet
Wu Jian
Xom
Yredelemnul
Zin
The Shining One

Shops:
D:1 (   D:3 !

Annotations:
D:5 2 transporters
D:8 2 transporters, allion's ghost, novice TrSu


Innate Abilities, Weirdness & Mutations

You cannot be hasted, slowed, berserked, paralysed or teleported.
You can dig through walls and to a lower floor.
You have a pair of large antennae on your head. (SInv)
Your four strong arms can wield two-handed weapons with a shield.


Message History

You are returned from the Arena.
Welcome back to the Dungeon!
Beware, you cannot shaft yourself on this level.
A skeletal warrior comes into view. It is wielding a +0 hand axe.
The titan zombie hits you but does no damage.
The skeletal warrior moves out of view.
Okay, then.
The red ugly thing basks in the mutagenic energy from its kin and changes!
The necromancer casts a spell.
The necromancer binds the souls of nearby monsters.
The necromancer gestures wildly while chanting.
The necromancer binds the souls of nearby monsters.
Your hands slow down.
The golden dragon zombie barely misses you.
The golden dragon zombie claws you but does no damage.
The golden dragon zombie tramples you.
* * * LOW HITPOINT WARNING * * *
You hold your ground!
Found 14 stones.
You stumble into a teleport trap!
You feel a strange sense of stasis.
You start to feel less resistant.
Found 13 stones and 7 gold pieces.
A centaur comes into view.
The centaur shouts!
The centaur wields a +0 shortbow.
The centaur shoots an arrow.
You block the arrow. The golden dragon zombie bites you!
* * * LOW HITPOINT WARNING * * *
The golden dragon zombie claws you but does no damage.
The golden dragon zombie tramples you but does no damage.
A centaur comes into view.
The centaur shoots an arrow.
You block the arrow.
The centaur shouts!
A centaur warrior comes into view.
The centaur wields a +0 shortbow.
The centaur shoots an arrow.
The arrow hits you but does no damage.
The centaur warrior moves out of view.
Unknown command.
Okay, then.
The centaur warrior shouts!
The centaur warrior wields a +0 shortbow.
The centaur warrior shoots an arrow.
The arrow hits you!!
You die...

*,,,,,,,,,,....###########*,
*,,......................##.
*,.......cc......(.{...u....
*,.$.....c#.#**,#pu{..u#,,,,
*,........#.# #.#u####.#****
*,..(.....#.# #.#u# #.#,,,*
*,........#.# #.#.# #.#,*,*
*,........#(# #.#u# #.#,*<#
*,.........@# #.#.# #.#<*..
*,........#####{#.# #p###..
**###.#...{{u.Zu#.####......
#.....{u....{..=........
#############........{..
###.#######. #.#**88,,{
#..*,,8,{, **..,,,{,,


You could see a centaur warrior (soul bound).

Vanquished Creatures
  A reaper (IceCv)
  2 hydras
  A centaur warrior (D:13)
  2 two-headed ogres
  A death knight (D:12)
  The ghost of ytrimaz the Blocker, a novice FoFi of Okawaru (D:7)
  Urug (D:11)
  Pikel (D:5)
  3 ugly things
  A deep elf pyromancer (D:12)
  A manticore (D:13)
  A moth of wrath (D:7)
  2 cyclopes
  A fire giant zombie (D:15)
  4 gargoyles
  2 ice statues (IceCv)
  6 ice devils (IceCv)
  2 entropy weaver simulacra (IceCv)
  2 anaconda simulacra (IceCv)
  A komodo dragon (D:10)
  15 slime creatures (D:12)
  A meliai zombie (D:10)
  Sigmund (D:5)
  4 wraiths
  16 yaks
  A hog (shapeshifter) (D:13)
  2 wyverns
  2 shadows (D:12)
  2 basilisks
  4 vampire mosquitoes (D:13)
  A steam dragon (D:7)
  6 harpy simulacra (IceCv)
  A warg (shapeshifter) (D:13)
  2 water moccasins (D:6)
  4 orc warriors
  2 black bears
  A sky beast (D:7)
  A necrophage (D:7)
  4 ogres
  A lemure (D:5)
  4 centaurs
  A phantom (D:5)
  3 kobold brigands
  2 bullfrogs
  2 scorpions
  A wyvern zombie (D:8)
  A gnoll sergeant (D:6)
  A cane toad simulacrum (IceCv)
  A two-headed ogre simulacrum (IceCv)
  An elephant simulacrum (IceCv)
  25 wights
  11 killer bees
  4 howler monkeys
  4 centaur zombies
  2 jellies
  2 hounds (D:5)
  A gnoll shaman (D:6)
  2 bullfrog skeletons (D:5)
  A centaur skeleton (D:7)
  4 iguanas
  3 orc wizards
  A spriggan simulacrum (IceCv)
  A wolf simulacrum (IceCv)
  A hound zombie (D:5)
  A hound skeleton (D:5)
  10 adders
  13 gnolls
  An ufetubus (IceCv)
  A worm (D:5)
  2 dart slugs (D:3)
  25 orcs
  2 ball pythons (D:4)
  8 bats
  2 endoplasms (D:2)
  2 giant cockroaches (D:3)
  4 goblins
  3 hobgoblins
  4 jackals
  19 kobolds
  2 frilled lizards (D:1)
  3 rats
288 creatures vanquished.

Vanquished Creatures (others)
  3 withered plants (D:15)
3 creatures vanquished.

Grand Total: 291 creatures vanquished

Notes
Turn   | Place    | Note
-------+----------+-------------------------------------------
     0 | D:1      | ytrimaz the Formicid Fighter began the quest for the Orb.
     0 | D:1      | Reached XP level 1. HP: 18/18 MP: 1/1
   513 | D:1      | Reached XP level 2. HP: 18/24 MP: 2/2
   797 | D:1      | Found Hijokuloe's Antique Weapon Emporium.
  1069 | D:2      | Reached XP level 3. HP: 30/30 MP: 3/3
  1257 | D:2      | Found a glowing golden altar of the Shining One.
  1270 | D:2      | Became a worshipper of the Shining One
  1438 | D:2      | Found a faded altar of an unknown god.
  1656 | D:3      | Reached XP level 4. HP: 12/37 MP: 4/4
  2111 | D:3      | Found a shimmering blue altar of Sif Muna.
  2216 | D:3      | Found Saonaimm's Distillery.
  2631 | D:3      | Reached XP level 5. HP: 42/42 MP: 5/5
  2897 | D:4      | Reached XP level 6. HP: 45/48 MP: 6/6
  3042 | D:1      | Bought a slimy morningstar for 234 gold pieces
  3042 | D:1      | Identified the +9 morningstar of Uncomfortable Rashes
                  | {vorpal, Drain Str+3 Dex+3} (You bought it in a shop on
                  | level 1 of the Dungeon)
  3591 | D:5      | Entered Level 5 of the Dungeon
  3591 | D:5      | Found a transporter.
  3598 | D:5      | Reached skill level 1 in Maces & Flails
  3598 | D:5      | Reached skill level 5 in Armour
  3733 | D:5      | Noticed an ogre
  3738 | D:5      | Killed an ogre
  3739 | D:5      | Reached skill level 2 in Maces & Flails
  3739 | D:5      | Reached XP level 7. HP: 41/55 MP: 7/7
  3963 | D:5      | Reached skill level 3 in Maces & Flails
  4058 | D:5      | Reached skill level 5 in Fighting
  4148 | D:5      | Reached * piety under the Shining One
  4171 | D:5      | Noticed Pikel
  4177 | D:5      | Killed Pikel
  4178 | D:5      | Reached skill level 5 in Maces & Flails
  4178 | D:5      | Reached XP level 8. HP: 20/64 MP: 8/8
  4527 | D:5      | Reached skill level 6 in Maces & Flails
  4572 | D:5      | Noticed Sigmund
  4576 | D:5      | Killed Sigmund
  4654 | D:5      | Found a transporter.
  4752 | D:5      | Reached XP level 9. HP: 64/69 MP: 9/9
  5028 | D:6      | Reached skill level 7 in Maces & Flails
  5054 | D:6      | Noticed a gargoyle
  5058 | D:6      | Killed a gargoyle
  5059 | D:6      | Reached skill level 8 in Maces & Flails
  5463 | D:6      | Found the +3 giant club "Skullcrusher" {speed, Str+7}
  6001 | D:7      | Noticed a moth of wrath
  6008 | D:7      | Noticed ytrimaz's ghost (novice FoFi)
  6018 | D:7      | Reached skill level 9 in Maces & Flails
  6019 | D:7      | Found a transporter.
  6104 | D:7      | Found a transporter.
  6162 | D:7      | Noticed a cyan ugly thing
  6170 | D:7      | Killed a cyan ugly thing
  6171 | D:7      | Reached XP level 10. HP: 28/79 MP: 10/10
  6427 | D:7      | Reached ** piety under the Shining One
  6485 | D:7      | Reached skill level 10 in Maces & Flails
  6527 | D:7      | Found a basalt altar of Yredelemnul.
  6853 | D:7      | Found a staircase to the Ecumenical Temple.
  7187 | Temple   | Entered the Ecumenical Temple
  7193 | Temple   | Fell from the grace of the Shining One
  7193 | Temple   | Became a worshipper of Warmaster Okawaru
  7426 | D:8      | Noticed allion's ghost (novice TrSu)
  7427 | D:8      | Found a transporter.
  7428 | D:8      | Noticed a seven-headed hydra
  7440 | D:8      | Found a transporter.
  7595 | D:8      | Found a staircase to the Lair.
  7620 | D:8      | Reached * piety under Okawaru
  7621 | D:8      | Reached skill level 11 in Maces & Flails
  9091 | D:9      | Reached skill level 1 in Invocations
  9091 | D:9      | Reached XP level 11. HP: 65/86 MP: 8/11
  9277 | D:9      | Reached ** piety under Okawaru
  9610 | D:9      | Reached skill level 12 in Maces & Flails
  9742 | D:9      | Found a hazy altar of Hepliaklqana.
  9744 | D:9      | Found a broken altar of Ashenzari.
  9840 | D:10     | Entered Level 10 of the Dungeon
  9901 | D:10     | Noticed a two-headed ogre
  9909 | D:10     | Killed a two-headed ogre
 10332 | D:10     | Reached *** piety under Okawaru
 10338 | D:10     | Reached skill level 13 in Maces & Flails
 10989 | D:11     | Found a frozen archway.
 11086 | D:11     | Reached **** piety under Okawaru
 11150 | D:11     | Noticed a cyclops
 11176 | D:11     | Killed a cyclops
 11413 | IceCv    | Entered an ice cave
 11418 | IceCv    | Reached XP level 12. HP: 96/96 MP: 14/14
 11938 | IceCv    | Noticed a reaper
 11943 | IceCv    | Killed a reaper
 12046 | IceCv    | Reached skill level 10 in Fighting
 12046 | IceCv    | Reached skill level 14 in Maces & Flails
 12715 | IceCv    | Reached skill level 5 in Invocations
 13079 | D:11     | Noticed Urug
 13092 | D:11     | Killed Urug
 13477 | D:12     | Noticed a death knight
 13712 | D:12     | Killed a death knight
 13999 | D:12     | Reached XP level 13. HP: 52/105 MP: 11/17
 14300 | D:12     | Reached skill level 15 in Maces & Flails
 14340 | D:12     | Noticed an eight-headed hydra
 14355 | D:12     | Killed an eight-headed hydra
 14355 | D:12     | Reached ***** piety under Okawaru
 14355 | D:12     | Received a gift from Okawaru
 14512 | D:12     | Found a staircase to the Orcish Mines.
 15848 | D:7      | You fall into a shaft and drop 1 floor!
 16370 | D:7      | Killed ytrimaz's ghost
 16371 | D:7      | Reached skill level 10 in Armour
 16381 | D:7      | Identified the +5 morningstar "Suzi" {venom, *Noise rElec
                  | Stlth+}
 16497 | Lair:1   | Entered Level 1 of the Lair of Beasts
 16809 | D:13     | Noticed a centaur warrior
 16814 | D:13     | Killed a centaur warrior
 17012 | D:13     | Noticed a seven-headed hydra
 17019 | D:13     | Killed a seven-headed hydra
 17486 | D:13     | You fall into a shaft and drop 2 floors!
 17486 | D:15     | Entered Level 15 of the Dungeon
 17518 | D:15     | HP: 1/107 [green ugly thing (7)]
 17522 | Arena    | Entered the Arena
 17582 | D:15     | HP: 4/107 [golden dragon zombie (11)]
 17583 | D:15     | Noticed a centaur warrior
 17584 | D:15     | Shot with an arrow by a centaur warrior

Illustrated notes

Levels and vault maps discovered:
D:1:      minmay_arrival_four_houses, layout_loops_ring, serial_shops,
          shop_statue
D:2:      layout_basic, dreamdust_ecumenical_altar_hidden_monk_grotto,
          basic_altar
D:3:      layout_rooms, lemuel_doored_altar, serial_shops, shop
D:4:      layout_gridville
D:5:      gammafunk_cloud_chamber, layout_loops_ring, eino_curves_01,
          uniq_sigmund, uniq_pikel
D:6:      layout_basic, minmay_misc_feat_rugged
D:7:      layout_basic, general_overflow_altar, temple_statues,
          gammafunk_ghost_berserking_beasts, minmay_misc_feat_tower
D:8:      layout_basic, david_lair_generic, gammafunk_ghost_arena, st_stairs_13
D:9:      layout_basic, nicolae_overflow_hidden_temple, serial_corexii_hall,
          corexii_hall_statues_l, corexii_hall_statues_x
D:10:     layout_roguey, kennysheep_big_empty_room
D:11:     layout_gridville, portal_ice_cave_entry_pillars_2,
          minmay_misc_feat_columns, uniq_urug
D:12:     layout_irregular_city, orc_david_3, st_stairs_4
D:13:     layout_basic, kennysheep_boxes
D:15:     gammafunk_depths_entry_grave, layout_basic, columned_hall_lemuel
Temple:   eino_narrow_crystal_temple
Lair:1:   layout_loops_ring

Skill      XL: |  1  2  3  4  5  6  7  8  9 10 11 12 13 |
---------------+----------------------------------------+-----
Armour         | 4 5 6 7 8 9 10 | 10.3
Axes           | 3 4 |  4.3
Fighting       | 4 5 7 8 9 10 11 | 11.8
Maces & Flails | 2 5 6 9 11 13 14 15 | 15.9
Invocations    | 1 3 6 7 |  7.3
Shields        | |  3.6

Action                   |  1- 3 |  4- 6 |  7- 9 | 10-12 | 13-15 || total
-------------------------+-------+-------+-------+-------+-------++-------
Melee: War axe           |    83 |    48 |       |       |       ||   131
       Morningstar       |       |    21 |    85 |   403 |   128 ||   637
Invok: Heroism           |       |       |       |    22 |     6 ||    28
       Finesse           |       |       |       |     3 |     3 ||     6
       Duel              |       |       |       |       |     1 ||     1
 Abil: Dig               |     1 |       |     3 |     5 |       ||     9
       Shaft Self        |       |       |       |       |     2 ||     2
  Use: Scroll            |     4 |     2 |     4 |    14 |     5 ||    29
       Potion            |       |       |       |     6 |     4 ||    10
Armor: Scale mail        |    54 |    28 |    26 |     6 |       ||   114
       Plate armour      |       |       |       |   176 |    65 ||   241
Dodge: Dodged            |    52 |    27 |    30 |   162 |    59 ||   330
Block: Buckler           |    29 |    23 |    17 |    90 |    38 ||   197

Table legend: (Time is in decaauts)
 A = Elapsed time spent in this place.
 B = Non-inter-level travel time spent in this place.
 C = Inter-level travel time spent in this place.
 D = Time resting spent in this place.
 E = Time spent auto-exploring this place.
 F = Levels seen in this place.
 G = Mean time per level.
                   A        B        C        D        E       F      G
               +--------+--------+--------+--------+--------+-----+--------+
         Total |  17528 |  16734 |    794 |   3763 |  10151 |  18 |  973.8 |
       Dungeon |  15652 |  14863 |    789 |   2569 |   9945 |  14 | 1118.0 |
        Temple |    196 |    191 |      5 |      0 |    163 |   1 |  196.0 |
          Lair |     15 |     15 |      0 |      0 |      0 |   1 |   15.0 |
      Ice Cave |   1624 |   1624 |      0 |   1179 |     43 |   1 | 1624.0 |
         Arena |     39 |     39 |      0 |     15 |      0 |   1 |   39.0 |
               +--------+--------+--------+--------+--------+-----+--------+

Top non-repeatable levels by time:
    D:12: 1976 daAuts
     D:8: 1963 daAuts
   IceCv: 1624 daAuts
     D:7: 1578 daAuts
     D:5: 1381 daAuts
    D:11: 1248 daAuts
     D:9: 1108 daAuts
     D:3: 1104 daAuts
     D:6: 1043 daAuts
    D:10: 998 daAuts
     D:1: 980 daAuts
     D:4: 878 daAuts
     D:2: 681 daAuts
    D:13: 664 daAuts
  Temple: 196 daAuts
